cohdb
Replays
Latest Replays
All Replays
Popular Replays
Top Player Replays
Match Explorer
How It Works
Community
CoH3 Stats
Reddit
Sign in to upload your games and track your stats! →
Sign in with Steam
Match 44567682
Unlisted
Match 44567682
Overview
Messages
Build Orders
End
Construct Barracks
Riflemen Squad
Riflemen Squad
Riflemen Squad
Infantry Support Center
Construct Medical Station
Selects Advanced Infantry Battlegroup
Selects Convert to Ranger Squad
Convert to Ranger Squad
Construct Motor Pool
M1 Anti-tank Gun Team
M1918 Browning Automatic Rifles
Grenade Package
M24 Chaffee Light Tank
Selects Ammunition Storage
Engineer Squad
Selects M2A1 105mm Howitzer Emplacement
Selects Free Fire Drills
M1 Anti-tank Gun Team
Construct Tank Depot
Selects Designate Assault Position
Selects Infantry Assault
Mortar Pit
M4(105) Sherman Bulldozer
Designate Assault Position
Engineer Squad
Tanzdiktator
Legionary
Med
Felix Steiner
0
0
Comments
sign in to comment!
No comments posted yet!